 Dungeon Crawl Stone Soup version 0.24-a0-479-g9a978d2894 (webtiles) character file.

Game seed: 16351650636205225120

583 Bapho the Skirmisher (level 7, -3/60 HPs)
             Began as a White Draconian Transmuter on July 8, 2019.
             Was an Initiate of Wu Jian.
             Slain by Duvessa
             ... wielding a +2 short sword of venom
              (11 damage)
             ... on level 5 of the Dungeon.
             The game lasted 00:10:10 (5564 turns).

Bapho the Skirmisher (White Draconian Transmuter)   Turns: 5564, Time: 00:10:10

Health: -3/60      AC:  2    Str: 12    XL:     7   Next: 14%
Magic:  11/13      EV: 20    Int: 14    God:    Wu Jian [......]
Gold:   200        SH:  0    Dex: 18    Spells: 8/14 levels left

rFire    . . .     SeeInvis .     - Unarmed
rCold    . . .     Gourm    .   (shield currently unavailable)
rNeg     . . .     Faith    .   (armour unavailable)
rPois    x         Spirit   .   (helmet currently unavailable)
rElec    .         Reflect  .   (cloak currently unavailable)
rCorr    .         Harm     .   (gloves currently unavailable)
MR       .....                  (boots currently unavailable)
Stlth    ++........             (no amulet)
HPRegen  0.20/turn              (no ring)
MPRegen  0.13/turn              (no ring)

@: short of breath, spider-form (expiring)
A: tiny, (breathe frost), unfitting armour, AC +6
a: End Transformation, Renounce Religion


You were on level 5 of the Dungeon.
You worshipped Wu Jian.
Wu Jian was noncommittal.
You were near starving.
You were a venomous arachnid creature.
You visited 2 branches of the dungeon, and saw 6 of its levels.
You also visited: Sewer.

You collected 200 gold pieces.

Inventory:

Missiles
 a - 12 arrows
 b - 79 stones (quivered)
Wands
 t - a wand of iceblast (8)
Scrolls
 g - a scroll of enchant weapon {unknown}
 j - a scroll of magic mapping
 k - 2 scrolls of immolation {unknown}
 l - 3 scrolls of amnesia {unknown}
 m - 2 scrolls of fear {unknown}
 n - 3 scrolls of remove curse {unknown}
 o - 3 scrolls of teleportation {unknown}
 s - 3 scrolls of identify
 u - a scroll of fog {unknown}
Potions
 d - a potion of might
 e - 2 potions of lignification
 f - a potion of curing
 h - a potion of agility
 i - a potion of resistance {unknown}
 p - 3 potions of flight
 q - 3 potions of heal wounds
 r - a potion of haste {unknown}
Comestibles
 c - 15 rations


   Skills:
 + Level 4.7 Fighting
 - Level 2.2 Dodging
 - Level 3.7 Unarmed Combat
 + Level 4.3 Spellcasting
 - Level 3.3 Transmutations
 - Level 1.9 Poison Magic


You had 8 spell levels left.
You knew the following spells:

 Your Spells              Type           Power        Failure   Level  Hunger
a - Beastly Appendage     Tmut           ##....       14%         1    None
b - Sticks to Snakes      Tmut           ##......     19%         2    ##.....
c - Spider Form           Tmut/Pois      ##........   38%         3    ###....

Your spell library contained the following spells:

 Spells                   Type           Power        Failure   Level  Hunger
 Animate Skeleton         Necr           N/A          38%         1    None
 Apportation              Tloc           #.....       38%         1    None
 Confusing Touch          Hex            #.....       38%         1    None
 Summon Small Mammal      Summ           #...         38%         1    None
 Ice Form                 Ice/Tmut       #.......     85%         4    ####...
 Blade Hands              Tmut           ##........   91%         5    ######.


Dungeon Overview and Level Annotations

Branches:
Dungeon (5/15)             Temple (1/1) D:4

Altars:
Ashenzari
Cheibriados
Dithmenos
Elyvilon
Fedhas
Gozag
Kikubaaqudgha
Makhleb
Nemelex Xobeh
Okawaru
Qazlal
Ru
Sif Muna
Trog
Vehumet
Wu Jian
Xom
Yredelemnul

Annotations:
D:5 Dowan, Duvessa


Innate Abilities, Weirdness & Mutations

((You can breathe waves of freezing cold.))
((You can buffet flying creatures when you breathe cold.))
((Your icy white scales are hard. (AC +6)))
You cannot fit into any form of body armour.
((Your flesh is cold resistant. (rC+)))
((You are cold-blooded and may be slowed by cold attacks.))


Message History

The crimson imp looks more healthy.
Dowan mumbles some strange words.
Dowan blinks!
The crimson imp closely misses you.
You bite the crimson imp!
The crimson imp is severely wounded.
The crimson imp hits you.
* * * LOW HITPOINT WARNING * * *
You hit the crimson imp.
The crimson imp is severely wounded.
Duvessa hits you with a +2 short sword of venom.
* * * LOW HITPOINT WARNING * * *
You are lethally poisoned!
The crimson imp hits you.
* * * LOW HITPOINT WARNING * * *
* * * LOW HITPOINT WARNING * * *
You feel sick.
You feel better.
Your transformation is almost over.
Duvessa hits you with a +2 short sword of venom!
You die...

.........##
###.......
.......!..#
#.........
.........##
#.........
..........##
#.........
......##...##
#>......<.
.?...####e..###
#......... .....#
###...##
#......... ..#...
###..###
#......... ####..
##5es###
##........ ###
###...##
#........
##...###
#..###..#
##....###........
###.......#####.
##....### ## .#
##..## # ..##
##.## ######
#.[.# #..#


You could see Duvessa, Dowan and a crimson imp.

Vanquished Creatures
  A big kobold (Sewer)
  A water moccasin skeleton (D:5)
  A hound (D:4)
  A centaur skeleton (D:5)
  3 orc wizards (D:5)
  An iguana (D:4)
  2 worker ants
  A hound skeleton (D:3)
  7 adders
  3 river rats (Sewer)
  An ooze (D:2)
  5 worms
  5 leopard geckos
  14 orcs
  8 bats
  3 giant cockroaches
  7 goblins
  7 hobgoblins
  9 jackals
  9 kobolds
  A quokka (D:4)
  4 ball pythons
  12 frilled lizards
  A jackal skeleton (D:4)
  A quokka skeleton (D:4)
  13 rats
121 creatures vanquished.

Notes
Turn   | Place    | Note
-------+----------+-------------------------------------------
     0 | D:1      | Bapho the Draconian Transmuter began the quest for the Orb.
     0 | D:1      | Reached XP level 1. HP: 16/16 MP: 3/3
   281 | D:1      | Reached XP level 2. HP: 23/23 MP: 3/5
   301 | D:1      | Learned a level 2 spell: Sticks to Snakes
   516 | D:1      | Found a shimmering altar of Xom.
  1185 | D:2      | Reached XP level 3. HP: 21/29 MP: 3/6
  1202 | D:2      | Learned a level 3 spell: Spider Form
  1501 | D:2      | Reached skill level 1 in Poison Magic
  1549 | D:2      | Reached XP level 4. HP: 35/36 MP: 7/7
  2800 | D:3      | Reached XP level 5. HP: 37/41 MP: 8/8
  3411 | D:4      | Found a glowing drain.
  3416 | Sewer    | Entered a sewer
  3517 | Sewer    | Reached XP level 6. HP: 33/51 MP: 7/11
  3634 | Sewer    | Found a white marble altar of Elyvilon.
  3719 | D:4      | Found a staircase to the Ecumenical Temple.
  4469 | D:5      | Entered Level 5 of the Dungeon
  4833 | D:5      | Found a shimmering altar of Xom.
  4884 | D:5      | Your scales start taking on an icy white colour.
  4884 | D:5      | Reached XP level 7. HP: 6/60 MP: 13/13
  4884 | D:5      | Gained mutation: Your flesh is cold resistant. (rC+) [White
                  | Draconian growth]
  4942 | Temple   | Entered the Ecumenical Temple
  5161 | Temple   | Became a worshipper of the Wu Jian Council
  5532 | D:5      | Noticed Dowan
  5533 | D:5      | Noticed Duvessa
  5555 | D:5      | HP: 1/60 [poisoned by Duvessa]
  5563 | D:5      | HP: 2/60 [poisoned by Duvessa]
  5564 | D:5      | Slain by Duvessa

Levels and vault maps discovered:
D:1:      kilobyte_arrival_exit_the_forest, layout_rooms, xom_teletrap_fun
D:2:      layout_loops_corners
D:3:      layout_loops_ring, first_ration
D:4:      layout_loops_cross, temple_doors_cd, portal_sewer_entry_e
D:5:      layout_cave_pods, basic_altar, abandoned_shop, uniq_duvessa
Temple:   hc_temple_tempest_star

Skill      XL: |  1  2  3  4  5  6 |
---------------+-------------------+-----
Dodging        | 2 |  2.2
Poison Magic   | 1 |  1.9
Transmutations | 3 |  3.3
Fighting       | 3 4 |  4.7
Spellcasting   | 3 4 |  4.3
Unarmed Combat | |  3.7

Action                   |  1- 3 |  4- 6 |  7- 9 || total
-------------------------+-------+-------+-------++-------
Melee: Unarmed           |   121 |   220 |    34 ||   375
       Tailslap          |     4 |     9 |       ||    13
       Headbutt          |     2 |     5 |       ||     7
       Kick              |     2 |     4 |       ||     6
       Punch             |       |     2 |       ||     2
Throw: Stone             |    42 |     3 |     4 ||    49
       Boomerang         |    20 |    60 |       ||    80
 Cast: Beastly Appendage |    15 |    10 |       ||    25
       Spider Form       |     2 |    17 |     3 ||    22
Invok: Lunge             |       |       |     2 ||     2
 Abil: Breathe Frost     |       |       |     1 ||     1
  Use: Scroll            |       |     7 |       ||     7
       Potion            |       |       |     2 ||     2
  Eat: Chunk             |     3 |    13 |     1 ||    17
Armor: Skin              |    42 |    30 |     5 ||    77
Dodge: Dodged            |    96 |   145 |    28 ||   269

Table legend:
 A = Non-vault XP
 B = Vault XP
 C = Vault XP percentage of total XP
 D = Non-vault monster count
 E = Vault monster count
 F = Vault count percentage of total count
                 A         B        C        D         E       F
            +---------+---------+-------+---------+---------+-------
      Total |     686 |     147 |  17.6 |     111 |      10 |   8.3
            +---------+---------+-------+---------+---------+-------
        D:1 |      39 |       0 |   0.0 |      23 |       0 |   0.0
        D:2 |     100 |       0 |   0.0 |      29 |       0 |   0.0
        D:3 |      93 |       0 |   0.0 |      26 |       0 |   0.0
        D:4 |     156 |       0 |   0.0 |      18 |       0 |   0.0
        D:5 |     298 |       0 |   0.0 |      15 |       0 |   0.0
      Sewer |       0 |     147 | 100.0 |       0 |      10 | 100.0
            +---------+---------+-------+---------+---------+-------
